General information
- name: BNet
- type: Ladder team game (AT/RT)
- host: Battle.net
- saver: ChingChongChina
map: DragonFalls
- players: 8
- length: 56:02
- speed: Fast
- version: 1.26 W3XP
- replay type: Public
» download(275 KB)
Players
team 1 (winner)

»
Compute(Random) (
pink | 59 APM | 1581 actions | 26:47)
4 Blademaster
1 Wind Walk
1 Critical Strike
2 Mirror Image
» actions
| Assign group hotkey | 21 | |
| Build / train | 62 | |
| Enter build submenu | 12 | |
| Enter hero's abilities submenu | 4 | |
| Give item / drop item | 2 | |
| Right click | 565 | |
| Select / deselect | 205 | |
| Select group hotkey | 622 | |
| Use ability | 88 | |
1581 total
» units
| Peon | 13 | |
| Goblin Shredder | 2 | |
| Troll Batrider | 18 | |
| Raider | 1 | |
34 total
» upgrades
| Spiked Barricades | 1 | |
| Armor | 2 | |
| Ranged Weapons | 2 | |
| Liquid Fire | 1 | |
| Reinforced Defenses | 1 | |
| Ensnare | 1 | |
8 total
» buildings
| Orc Burrow | 10 | |
| Altar of Storms | 1 | |
| War Mill | 1 | |
| Voodoo Lounge | 1 | |
| Stronghold | 1 | |
| Fortress | 1 | |
| Beastiary | 2 | |
| Great Hall | 1 | |
18 total
» build order
00:57 Orc Burrow
01:14 Orc Burrow
01:42 Altar of Storms
01:50 Orc Burrow
02:10 War Mill
02:24 Voodoo Lounge
02:46 Orc Burrow
03:08 Orc Burrow
03:44 Stronghold
07:03 Orc Burrow
07:05 Orc Burrow
07:06 Orc Burrow
07:07 Orc Burrow
08:12 Fortress
08:18 Beastiary
08:19 Beastiary
21:11 Great Hall
25:39 Orc Burrow
» items
| Scroll of Speed | 1 | |
| Healing Salve | 1 | |
| Lesser Clarity Potion | 5 | |
| Potion of Healing | 4 | |
| Potion of Mana | 1 | |
| Orb of Lightning | 1 | |
13 total
ChingChongChina (
red | 78 APM | 4349 actions | 56:02)
10 Blood Mage
3 Flame Strike
3 Siphon Mana
1 Summon Phoenix
3 Banish
» actions
| Assign group hotkey | 50 | |
| Basic commands | 115 | |
| Build / train | 247 | |
| ESC pressed | 2 | |
| Enter build submenu | 101 | |
| Enter hero's abilities submenu | 10 | |
| Give item / drop item | 11 | |
| Right click | 1723 | |
| Select / deselect | 773 | |
| Select group hotkey | 1072 | |
| Use ability | 245 | |
4349 total
» units
| Peasant | 32 | |
| Footman | 15 | |
| Goblin Shredder | 8 | |
| Goblin Zeppelin | 1 | |
| Dragonhawk Rider | 7 | |
| Gryphon Rider | 12 | |
| Sorceress | 1 | |
76 total
» upgrades
| Backpack | 2 | |
| Masonry | 3 | |
| Swords | 3 | |
| Armor | 3 | |
| Lumber Harvesting | 2 | |
| Animal War Training | 1 | |
| Magic Sentry | 1 | |
| Sorceress Training | 2 | |
| Storm Hammers | 1 | |
| Cloud | 1 | |
| Priest Training | 2 | |
| Control Magic | 1 | |
| Gunpowder | 3 | |
| Defend | 1 | |
| Long Rifles | 1 | |
| Plating | 3 | |
| Flak Cannons | 1 | |
| Flying Machine Bombs | 1 | |
| Fragmentation Shards | 1 | |
| Flare | 1 | |
| Barrage | 1 | |
35 total
» buildings
| Altar of Kings | 1 | |
| Barracks | 1 | |
| Farm | 11 | |
| Arcane Vault | 1 | |
| Town Hall | 6 | |
| Scout Tower | 51 | |
| Lumber Mill | 1 | |
| Arcane Tower | 2 | |
| Guard Tower | 81 | |
| Blacksmith | 1 | |
| Keep | 1 | |
| Castle | 3 | |
| Gryphon Aviary | 10 | |
| Arcane Sanctum | 1 | |
| Workshop | 6 | |
177 total
» build order
00:03 Altar of Kings
00:07 Barracks
00:12 Farm
00:56 Farm
01:53 Farm
02:26 Arcane Vault
03:23 Town Hall
04:15 Farm
04:31 Scout Tower
04:36 Scout Tower
04:39 Lumber Mill
05:43 Arcane Tower
05:44 Arcane Tower
05:44 Guard Tower
06:28 Town Hall
06:31 Scout Tower
06:33 Scout Tower
06:35 Scout Tower
06:37 Scout Tower
06:43 Blacksmith
07:00 Guard Tower
07:01 Guard Tower
07:01 Guard Tower
07:01 Guard Tower
07:28 Guard Tower
08:12 Scout Tower
08:35 Keep
08:44 Guard Tower
09:06 Scout Tower
09:09 Scout Tower
09:11 Scout Tower
09:15 Scout Tower
09:35 Guard Tower
09:35 Guard Tower
09:36 Guard Tower
09:36 Guard Tower
09:46 Guard Tower
09:46 Guard Tower
09:49 Scout Tower
09:53 Scout Tower
09:56 Scout Tower
09:57 Scout Tower
10:00 Scout Tower
10:19 Guard Tower
11:13 Castle
11:13 Castle
11:31 Guard Tower
11:43 Guard Tower
11:44 Guard Tower
11:44 Guard Tower
12:15 Scout Tower
12:16 Scout Tower
12:18 Scout Tower
12:21 Scout Tower
12:23 Scout Tower
12:27 Scout Tower
12:29 Scout Tower
12:34 Scout Tower
12:42 Gryphon Aviary
12:44 Gryphon Aviary
12:58 Guard Tower
12:59 Guard Tower
12:59 Guard Tower
13:23 Guard Tower
14:37 Farm
14:39 Farm
15:12 Farm
15:19 Scout Tower
15:20 Scout Tower
15:28 Scout Tower
15:33 Scout Tower
15:36 Scout Tower
15:47 Guard Tower
15:48 Guard Tower
16:08 Guard Tower
16:08 Guard Tower
16:09 Guard Tower
16:25 Gryphon Aviary
16:32 Gryphon Aviary
16:46 Arcane Sanctum
18:26 Scout Tower
18:27 Scout Tower
18:28 Scout Tower
18:30 Scout Tower
18:42 Scout Tower
18:42 Scout Tower
18:45 Scout Tower
19:01 Guard Tower
19:01 Guard Tower
19:01 Guard Tower
19:03 Scout Tower
19:04 Scout Tower
19:05 Scout Tower
19:06 Scout Tower
19:08 Scout Tower
19:19 Guard Tower
19:19 Guard Tower
19:19 Guard Tower
19:45 Guard Tower
19:45 Guard Tower
19:45 Guard Tower
19:45 Guard Tower
19:46 Guard Tower
19:46 Guard Tower
19:46 Guard Tower
20:26 Guard Tower
20:33 Scout Tower
20:34 Scout Tower
20:37 Scout Tower
20:39 Scout Tower
20:43 Scout Tower
23:54 Gryphon Aviary
24:03 Town Hall
24:05 Scout Tower
24:53 Guard Tower
25:05 Scout Tower
25:06 Scout Tower
25:10 Scout Tower
25:13 Scout Tower
25:25 Guard Tower
25:26 Guard Tower
25:27 Guard Tower
25:38 Guard Tower
25:38 Guard Tower
25:38 Guard Tower
25:39 Guard Tower
25:39 Guard Tower
25:39 Guard Tower
25:42 Guard Tower
25:42 Guard Tower
25:43 Guard Tower
25:43 Guard Tower
25:54 Guard Tower
25:54 Guard Tower
27:02 Gryphon Aviary
27:50 Guard Tower
27:50 Guard Tower
28:33 Farm
28:58 Farm
29:02 Farm
30:23 Gryphon Aviary
30:26 Gryphon Aviary
30:29 Gryphon Aviary
30:33 Gryphon Aviary
30:47 Town Hall
31:44 Farm
40:17 Town Hall
42:07 Workshop
42:08 Workshop
42:09 Workshop
42:12 Workshop
42:13 Workshop
42:16 Workshop
52:03 Town Hall
» items
| Scroll of Regeneration | 11 | |
| Boots of Speed | 1 | |
| Staff of Teleportation | 1 | |
| Potion of Invisibility | 2 | |
| Lesser Clarity Potion | 4 | |
| Potion of Healing | 4 | |
| Potion of Mana | 1 | |
| Scroll of Town Portal | 1 | |
| Potion of Lesser Invulnerability | 1 | |
26 total

»
ginger2 (
teal | 16 APM | 708 actions | 43:57)
4 Blood Mage
2 Flame Strike
2 Banish
» actions
| Assign group hotkey | 12 | |
| Basic commands | 1 | |
| Build / train | 61 | |
| Enter build submenu | 20 | |
| Enter hero's abilities submenu | 4 | |
| Right click | 241 | |
| Select / deselect | 213 | |
| Select group hotkey | 110 | |
| Use ability | 46 | |
708 total
» units
| Peasant | 9 | |
| Rifleman | 19 | |
| Goblin Shredder | 1 | |
| Knight | 6 | |
35 total
» upgrades
| Lumber Harvesting | 1 | |
| Long Rifles | 1 | |
| Animal War Training | 1 | |
| Swords | 3 | |
| Gunpowder | 3 | |
| Armor | 1 | |
| Plating | 1 | |
11 total
» buildings
| Altar of Kings | 1 | |
| Farm | 12 | |
| Lumber Mill | 2 | |
| Blacksmith | 1 | |
| Barracks | 2 | |
| Arcane Vault | 1 | |
| Keep | 1 | |
| Town Hall | 1 | |
| Castle | 1 | |
22 total
» build order
00:34 Altar of Kings
00:38 Farm
00:45 Lumber Mill
00:59 Blacksmith
02:03 Barracks
02:17 Farm
03:02 Farm
03:18 Lumber Mill
03:36 Arcane Vault
03:46 Farm
03:56 Keep
04:39 Farm
06:27 Town Hall
06:49 Barracks
06:53 Castle
09:54 Farm
12:06 Farm
12:48 Farm
13:35 Farm
15:29 Farm
17:53 Farm
18:51 Farm
» items
| Scroll of Regeneration | 4 | |
| Scroll of Town Portal | 2 | |
| Orb of Fire | 1 | |
| Orb of Lightning | 1 | |
8 total

»
SN0W (
green | 19 APM | 690 actions | 35:47)
7 Blademaster
3 Wind Walk
3 Critical Strike
1 Bladestorm
6 Shadow Hunter
3 Healing Wave
2 Hex
1 Big Bad Voodoo
» actions
| Build / train | 52 | |
| Enter build submenu | 28 | |
| Enter hero's abilities submenu | 13 | |
| Give item / drop item | 6 | |
| Right click | 327 | |
| Select / deselect | 207 | |
| Use ability | 56 | |
690 total
» units
| Peon | 8 | |
| Grunt | 4 | |
| Wind Rider | 6 | |
| Shaman | 2 | |
20 total
» upgrades
| Armor | 2 | |
| Spiked Barricades | 1 | |
| Ranged Weapons | 1 | |
| Berserker Strength | 1 | |
| Shaman Training | 2 | |
| Envenomed Spears | 1 | |
8 total
» buildings
| Altar of Storms | 2 | |
| Orc Burrow | 12 | |
| Barracks | 2 | |
| Voodoo Lounge | 1 | |
| War Mill | 1 | |
| Stronghold | 2 | |
| Beastiary | 2 | |
| Fortress | 1 | |
| Spirit Lodge | 1 | |
| Great Hall | 3 | |
27 total
» build order
00:11 Altar of Storms
00:18 Orc Burrow
00:41 Orc Burrow
01:22 Barracks
01:43 Voodoo Lounge
02:51 Orc Burrow
03:52 War Mill
04:43 Stronghold
07:10 Beastiary
07:15 Beastiary
07:20 Orc Burrow
07:40 Orc Burrow
08:50 Fortress
09:22 Spirit Lodge
10:01 Orc Burrow
11:22 Orc Burrow
13:02 Orc Burrow
15:22 Orc Burrow
17:51 Great Hall
23:56 Great Hall
24:21 Barracks
24:26 Orc Burrow
24:30 Orc Burrow
27:25 Altar of Storms
27:28 Stronghold
28:14 Orc Burrow
29:23 Great Hall
» items
| Healing Salve | 2 | |
| Orb of Lightning | 1 | |
| Scroll of Speed | 2 | |
| Scroll of Town Portal | 1 | |
6 total
team 2 (loser)
RaggedOldFlag (
yellow | 74 APM | 4120 actions | 56:01)
7 Archmage
3 Summon Water Elemental
3 Brilliance Aura
1 Mass Teleport
» actions
| Assign group hotkey | 105 | |
| Basic commands | 342 | |
| Build / train | 110 | |
| Enter build submenu | 71 | |
| Enter hero's abilities submenu | 7 | |
| Give item / drop item | 4 | |
| Remove unit from queue | 2 | |
| Right click | 1157 | |
| Select / deselect | 677 | |
| Select group hotkey | 1420 | |
| Use ability | 225 | |
4120 total
» units
| Peasant | 12 | |
| Footman | 8 | |
| Goblin Shredder | 3 | |
| Goblin Zeppelin | 1 | |
| Sorceress | 3 | |
| Mortar Team | 9 | |
| Green Dragon | 8 | |
| Gryphon Rider | 2 | |
46 total
» upgrades
| Defend | 1 | |
| Lumber Harvesting | 1 | |
| Masonry | 3 | |
| Sorceress Training | 1 | |
| Gunpowder | 3 | |
| Armor | 3 | |
| Fragmentation Shards | 1 | |
| Animal War Training | 1 | |
| Swords | 3 | |
| Magic Sentry | 1 | |
18 total
» buildings
| Altar of Kings | 1 | |
| Barracks | 1 | |
| Farm | 14 | |
| Scout Tower | 74 | |
| Keep | 1 | |
| Arcane Tower | 4 | |
| Arcane Vault | 1 | |
| Town Hall | 4 | |
| Lumber Mill | 2 | |
| Arcane Sanctum | 1 | |
| Guard Tower | 15 | |
| Blacksmith | 2 | |
| Workshop | 3 | |
| Castle | 1 | |
| Gryphon Aviary | 6 | |
130 total
» build order
00:50 Altar of Kings
00:53 Barracks
00:58 Farm
01:06 Farm
01:14 Farm
01:25 Farm
02:48 Scout Tower
02:49 Scout Tower
03:11 Keep
03:22 Arcane Tower
04:09 Arcane Vault
04:19 Town Hall
04:22 Scout Tower
04:25 Scout Tower
04:25 Scout Tower
04:27 Scout Tower
05:04 Lumber Mill
05:49 Arcane Tower
06:53 Arcane Sanctum
07:02 Guard Tower
07:32 Scout Tower
07:45 Blacksmith
08:00 Scout Tower
08:03 Scout Tower
08:05 Arcane Tower
09:35 Guard Tower
09:37 Workshop
10:02 Farm
10:14 Farm
10:16 Farm
10:33 Workshop
10:34 Workshop
11:37 Castle
11:43 Scout Tower
11:44 Scout Tower
11:45 Scout Tower
11:45 Scout Tower
11:47 Scout Tower
11:50 Scout Tower
11:54 Scout Tower
11:55 Scout Tower
11:56 Scout Tower
11:57 Scout Tower
11:59 Scout Tower
13:29 Guard Tower
13:41 Guard Tower
13:44 Guard Tower
14:04 Farm
14:04 Farm
14:05 Farm
14:07 Farm
14:07 Farm
17:53 Farm
17:53 Farm
18:12 Scout Tower
18:13 Scout Tower
18:13 Scout Tower
18:13 Scout Tower
18:13 Scout Tower
18:14 Scout Tower
18:58 Town Hall
19:02 Scout Tower
19:02 Scout Tower
19:03 Scout Tower
19:03 Scout Tower
19:04 Scout Tower
19:04 Scout Tower
19:05 Scout Tower
19:05 Scout Tower
19:06 Scout Tower
19:07 Scout Tower
20:21 Guard Tower
20:24 Arcane Tower
20:25 Guard Tower
21:13 Blacksmith
22:31 Gryphon Aviary
22:34 Gryphon Aviary
22:36 Gryphon Aviary
22:39 Gryphon Aviary
22:42 Gryphon Aviary
22:43 Gryphon Aviary
24:44 Scout Tower
24:45 Scout Tower
24:45 Scout Tower
24:45 Scout Tower
24:46 Scout Tower
24:47 Scout Tower
24:47 Scout Tower
24:48 Scout Tower
24:48 Scout Tower
24:49 Scout Tower
24:49 Scout Tower
24:50 Scout Tower
24:51 Scout Tower
24:59 Scout Tower
24:59 Scout Tower
25:00 Scout Tower
25:01 Scout Tower
25:01 Scout Tower
25:01 Scout Tower
25:05 Scout Tower
25:06 Scout Tower
25:07 Scout Tower
25:08 Scout Tower
25:09 Scout Tower
25:50 Town Hall
25:54 Scout Tower
25:54 Scout Tower
25:54 Scout Tower
25:55 Scout Tower
25:56 Scout Tower
25:57 Scout Tower
25:57 Scout Tower
25:57 Scout Tower
25:59 Scout Tower
25:59 Scout Tower
26:00 Scout Tower
26:01 Scout Tower
26:02 Scout Tower
26:08 Scout Tower
26:14 Guard Tower
26:37 Lumber Mill
26:45 Guard Tower
27:05 Guard Tower
27:20 Guard Tower
27:54 Guard Tower
28:22 Guard Tower
28:26 Guard Tower
34:43 Town Hall
35:09 Guard Tower
» items
| Scroll of Regeneration | 3 | |
| Potion of Healing | 1 | |
| Scroll of Town Portal | 3 | |
| Periapt of Vitality | 3 | |
| Staff of Teleportation | 1 | |
| Potion of Invisibility | 1 | |
| Potion of Lesser Invulnerability | 1 | |
13 total

»
JESUSonMDMA (
blue | 53 APM | 2008 actions | 37:37)
7 Death Knight
3 Death Coil
2 Unholy Aura
1 Death Pact
1 Animate Dead
6 Lich
3 Frost Nova
2 Frost Armor
1 Death and Decay
» actions
| Assign group hotkey | 23 | |
| Build / train | 91 | |
| Enter build submenu | 18 | |
| Enter hero's abilities submenu | 15 | |
| Give item / drop item | 5 | |
| Remove unit from queue | 2 | |
| Right click | 797 | |
| Select / deselect | 369 | |
| Select group hotkey | 589 | |
| Use ability | 99 | |
2008 total
» units
| Acolyte | 20 | |
| Ghoul | 5 | |
| Crypt Fiend | 4 | |
| Frost Wyrm | 14 | |
| Furbolg Shaman | 1 | |
| Mortar Team | 2 | |
46 total
» upgrades
| Creature Attack | 3 | |
| Web | 1 | |
| Creature Carapace | 2 | |
| Freezing Breath | 1 | |
7 total
» buildings
| Graveyard | 1 | |
| Crypt | 1 | |
| Altar of Darkness | 1 | |
| Ziggurat | 7 | |
| Halls of the Dead | 1 | |
| Tomb of Relics | 1 | |
| Necropolis | 1 | |
| Black Citadel | 1 | |
| Sacrificial Pit | 1 | |
| Boneyard | 3 | |
| Spirit Tower | 1 | |
19 total
» build order
00:21 Graveyard
00:27 Crypt
00:54 Altar of Darkness
00:56 Ziggurat
01:47 Halls of the Dead
01:52 Ziggurat
02:00 Tomb of Relics
03:57 Ziggurat
04:54 Necropolis
05:46 Black Citadel
06:31 Sacrificial Pit
08:24 Boneyard
09:00 Boneyard
09:03 Boneyard
09:06 Ziggurat
09:08 Ziggurat
09:14 Ziggurat
12:13 Ziggurat
18:35 Spirit Tower
» items
| Rod of Necromancy | 1 | |
| Dust of Appearance | 4 | |
| Orb of Corruption | 2 | |
| Potion of Mana | 1 | |
| Scroll of Town Portal | 3 | |
| Anti-magic Potion | 1 | |
| Scroll of Protection | 1 | |
| Potion of Lesser Invulnerability | 3 | |
| Lesser Clarity Potion | 1 | |
| Potion of Invisibility | 1 | |
18 total
stefanbell (
orange | 15 APM | 866 actions | 56:01)
6 Warden
3 Fan of Knives
2 Blink
1 Spirit of Vengeance
» actions
| Assign group hotkey | 12 | |
| Basic commands | 6 | |
| Build / train | 49 | |
| Enter build submenu | 28 | |
| Enter hero's abilities submenu | 6 | |
| Give item / drop item | 3 | |
| Remove unit from queue | 1 | |
| Right click | 357 | |
| Select / deselect | 236 | |
| Select group hotkey | 107 | |
| Use ability | 61 | |
866 total
» units
| Wisp | 17 | |
| Huntress | 3 | |
| Furbolg Shaman | 1 | |
| Hippogryph | 5 | |
| Chimaera | 4 | |
30 total
» upgrades
| Ultravision | 1 | |
| Strength of the Wild | 1 | |
| Reinforced Hides | 1 | |
| Nature's Blessing | 1 | |
| Corrosive Breath | 1 | |
5 total
» buildings
| Moon Well | 7 | |
| Altar of Elders | 5 | |
| Hunter's Hall | 1 | |
| Ancient of War | 1 | |
| Ancient of Wonders | 1 | |
| Tree of Ages | 1 | |
| Ancient Protector | 2 | |
| Ancient of Wind | 2 | |
| Tree of Eternity | 1 | |
| Chimaera Roost | 2 | |
| Tree of Life | 3 | |
26 total
» build order
00:31 Moon Well
00:34 Altar of Elders
01:27 Moon Well
02:33 Hunter's Hall
02:38 Ancient of War
02:45 Ancient of Wonders
03:33 Moon Well
04:00 Tree of Ages
04:40 Ancient Protector
06:00 Moon Well
07:16 Moon Well
07:18 Ancient Protector
07:26 Ancient of Wind
07:31 Ancient of Wind
09:06 Tree of Eternity
09:29 Moon Well
10:34 Moon Well
11:55 Chimaera Roost
12:07 Chimaera Roost
13:45 Tree of Life
20:59 Tree of Life
31:41 Altar of Elders
34:33 Altar of Elders
34:37 Altar of Elders
35:03 Tree of Life
35:42 Altar of Elders
» items
| Potion of Healing | 1 | |
| Potion of Mana | 1 | |
| Dust of Appearance | 1 | |
| Lesser Clarity Potion | 1 | |
4 total
NekoChan (
purple | 28 APM | 954 actions | 33:32)
1 Mountain King
1 Storm Bolt
» actions
| Assign group hotkey | 10 | |
| Build / train | 75 | |
| Enter build submenu | 42 | |
| Enter hero's abilities submenu | 1 | |
| Remove unit from queue | 1 | |
| Right click | 401 | |
| Select / deselect | 362 | |
| Select group hotkey | 18 | |
| Use ability | 44 | |
954 total
» units
| Peasant | 17 | |
| Goblin Shredder | 2 | |
| Siege Engine | 24 | |
43 total
» upgrades
| Masonry | 3 | |
| Gunpowder | 3 | |
| Plating | 3 | |
| Magic Sentry | 1 | |
| Barrage | 1 | |
| Lumber Harvesting | 1 | |
12 total
» buildings
| Farm | 12 | |
| Altar of Kings | 1 | |
| Blacksmith | 1 | |
| Lumber Mill | 1 | |
| Keep | 1 | |
| Town Hall | 1 | |
| Scout Tower | 17 | |
| Castle | 1 | |
| Guard Tower | 10 | |
| Workshop | 5 | |
| Arcane Sanctum | 1 | |
| Cannon Tower | 5 | |
56 total
» build order
00:25 Farm
01:03 Farm
02:07 Altar of Kings
02:40 Farm
03:25 Blacksmith
03:37 Lumber Mill
04:04 Keep
04:47 Farm
05:29 Farm
06:24 Town Hall
06:38 Scout Tower
06:40 Scout Tower
06:43 Scout Tower
06:49 Farm
06:50 Castle
06:57 Scout Tower
07:06 Guard Tower
07:10 Scout Tower
07:12 Guard Tower
07:14 Guard Tower
07:16 Scout Tower
07:19 Scout Tower
07:25 Guard Tower
07:31 Scout Tower
07:43 Workshop
08:33 Guard Tower
09:25 Guard Tower
09:59 Scout Tower
10:05 Scout Tower
10:26 Guard Tower
10:30 Scout Tower
10:33 Guard Tower
10:36 Scout Tower
10:42 Scout Tower
10:57 Guard Tower
11:04 Arcane Sanctum
11:06 Guard Tower
11:09 Scout Tower
11:11 Cannon Tower
11:16 Scout Tower
11:23 Scout Tower
11:40 Cannon Tower
11:44 Scout Tower
11:49 Cannon Tower
12:14 Cannon Tower
12:30 Cannon Tower
12:59 Workshop
13:17 Workshop
13:34 Workshop
13:38 Farm
14:13 Workshop
14:18 Farm
14:59 Farm
15:40 Farm
16:22 Farm
17:10 Farm
Chat log
(10:21 / Allies) ChingChongChina: wyrms
(13:18 / All) ChingChongChina: nice mh orange
(14:17 / All) stefanbell: rofl
(14:25 / All) ChingChongChina: What is it, buddy?
(14:54 / All) ChingChongChina: You are 892-1158 with maphack
(15:01 / All) ChingChongChina: I like how you went to blue's expo while I was invisible
(15:03 / All) ChingChongChina: and waited for me
(15:19 / All) stefanbell: you are moron
(15:25 / All) ChingChongChina: *You are a moron.
(15:28 / All) stefanbell: thats how i knew
(15:40 / All) ChingChongChina: *That's how I knew.
(17:00 / Allies) ChingChongChina: check for expos
(17:17 / Allies) ChingChongChina: repair
(17:58 / Allies) ginger2: green ur hero
(21:47 / All) stefanbell: retardes leave you LOOOST
(25:55 / All) stefanbell: i smellll nooobs loose
(27:00 / All) JESUSonMDMA: leave noobs
(27:06 / All) ChingChongChina: It's not over yet, buddy
(29:29 / All) JESUSonMDMA: stop?
(29:38 / All) ChingChongChina: I smell noobs lose
(29:54 / All) ChingChongChina: You can all go now
(29:55 / All) ChingChongChina: You lost
(30:21 / All) JESUSonMDMA: why
(30:31 / All) JESUSonMDMA: why yell
(30:38 / All) ChingChongChina: Time for you to leave
(30:41 / All) ChingChongChina: Orange is a below 50% maphacker
(31:12 / All) JESUSonMDMA: gg yellow
(31:31 / All) NekoChan: snow use cheat all time
(31:37 / All) NekoChan: hit me tank 1-2 hit
(31:49 / All) NekoChan: 1-2 hit tank down all time
(31:50 / All) stefanbell: hackers
(31:58 / All) stefanbell: red hacker noob
(32:04 / All) SN0W: what???
(32:05 / All) SN0W: lol
(32:10 / All) SN0W: u play like shits
(32:10 / Allies) ginger2: red give pink hero a tele so i can get out ur base
(32:13 / All) ChingChongChina: How did you go to blue's expo with no detection when I was there invisible
(32:14 / All) ChingChongChina: again
(32:16 / All) SN0W: mortars and tanks
(32:18 / All) SN0W: pff
(32:26 / All) NekoChan: lol night player hacker player
(32:30 / All) stefanbell: i hack and see
(32:39 / All) stefanbell: all invisible units
(32:49 / All) ChingChongChina: You hack and you're not even 50%
(33:00 / All) stefanbell: i must to win
(33:07 / All) ChingChongChina: and had your expo raped when you knew it was coming
(33:08 / Allies) ginger2: green buy a tele for me in pink base
(33:17 / All) NekoChan: lol nice team killer me team
(33:37 / All) ChingChongChina: using a shredder lol
(34:08 / All) SN0W: more towers noob
(35:38 / All) SN0W: noob game.. its all said.. 300 towers mortars and tanks..
(35:43 / All) SN0W: learn to play
(37:13 / All) JESUSonMDMA: funny yel?
(37:14 / Allies) ginger2: y
(37:17 / All) RaggedOldFlag: Hilarious
(37:37 / Allies) ginger2: red
(38:56 / All) ChingChongChina: raped
(39:01 / All) stefanbell: lol
(39:15 / All) ChingChongChina: maphack doesn't save you from behing a shitty player
(39:20 / All) stefanbell: rofl
(39:24 / All) stefanbell: moron
(39:37 / All) ChingChongChina: your entire team was beaten by yellow
(39:38 / All) stefanbell: how pathetic you are
(39:39 / All) ChingChongChina: "moron"
(39:42 / All) ChingChongChina: 3 of you couldn't kill 1 ally
(39:52 / All) stefanbell: pathetic idiot
(39:56 / All) stefanbell: are you happy ?
(39:58 / All) stefanbell: :D
(40:06 / All) ChingChongChina: We planned this from before the game began
(40:09 / All) ChingChongChina: You are just another victim of ours
(40:10 / All) stefanbell: :D
(40:12 / All) ChingChongChina: Time for you to leave
(40:16 / All) stefanbell: yellow is lost
(44:13 / All) RaggedOldFlag: you have to outright lose orange
(44:32 / All) ChingChongChina: maphackers always get the loss
(44:51 / All) stefanbell: :)))
(45:33 / All) stefanbell: yellow lost
(45:41 / All) RaggedOldFlag: Because you are here, and you msut lose
(45:48 / All) ChingChongChina: no shit, we planned this before the game began
(45:51 / All) ChingChongChina: It was rigged from the start
(45:56 / All) ChingChongChina: You are just another helpless victim
(46:02 / All) ChingChongChina: and a fail <50% maphacker
(46:02 / All) stefanbell: yellow lost game :)
(46:15 / All) stefanbell: yellow you must lose
(46:27 / All) ChingChongChina: We are 0-0. We do not care about our records
(46:43 / All) stefanbell: rofl
(50:07 / All) ChingChongChina: Hey Stephanie, do you have a Facebook or Twitter?
(50:36 / All) RaggedOldFlag: Stefan, you mirin my dragons?
(50:41 / All) RaggedOldFlag: you mad you jelly?
(50:45 / All) RaggedOldFlag: You mad you french faggot?
(52:11 / All) RaggedOldFlag: mirin my dragons Stefan you french dickhead>
(52:26 / All) stefanbell: rofl yellow loosser
(52:40 / All) RaggedOldFlag: you mad?
(52:44 / All) RaggedOldFlag: you jelly?
(52:48 / All) ChingChongChina: He is loosing up.
(52:50 / All) stefanbell: no :)
(52:58 / All) RaggedOldFlag: 5 dragons
(53:01 / All) RaggedOldFlag: how many you have?
(53:11 / All) RaggedOldFlag: oh that's right you don't have anything, you french bastard
(53:13 / All) RaggedOldFlag: noob
(54:26 / All) RaggedOldFlag: What do you have to say for yourself, Stefan?
(55:14 / All) ChingChongChina: Any last words, Stephanie?
(56:00 / All) stefanbell: rofl yellow looser